AoeStats
← KK

Hill Fort

505032120Analyzed
4v4 RM · 26d ago on Sep 7, 2026· 68m 55s· 8 players
Game mode
Random Map
Map size
Large (8 player)
Population
200
Speed
Normal
Resources
Standard
Victory
Conquest
Starting age
Dark Age
Ending age
Imperial Age
RankedLock teamsTeams togetherTeam positionsShared explorationLock speedFull tech treeHidden civsTurbo modeCheats
Victory
Defeat
🇲🇽 Mapuche · Mexico
1555
+16
🇺🇸 Spanish · United States
1521
+17
🇬🇧 Italians · United Kingdom
1512
+17
🇬🇧 Goths · United Kingdom
1500
+18
🇨🇳 Mapuche · China
1556
-18
🇨🇳 Franks · China
1552
-17
🇵🇪 Britons · Peru
1547
-17
🇩🇪 Berbers · Germany
1526
-16
Let_Me_Play
8:54 Loom
11:07 Feudal Age
11:36 Feudal Age
15:36 Castle Age
14:25 Double-Bit Axe
14:50 Horse Collar
17:00 Bow Saw
22:08 Padded Archer Armor
23:33 Fletching
25:57 Leather Archer Armor
27:54 Bloodlines
34:35 Wheelbarrow
36:59 Imperial Age
34:51 Bodkin Arrow
35:34 Husbandry
37:29 Scale Barding Armor
37:35 Forging
38:13 Ring Archer Armor
39:33 Chain Barding Armor
39:23 Town Watch
40:21 Conscription
40:51 Iron Casting
40:08 Cavalier
42:58 Plate Barding Armor
49:24 Blast Furnace
49:39 Heavy Plow
55:07 Light Cavalry
69:12 Hand Cart
CoterLee
10:40 Feudal Age
16:36 Castle Age
14:58 Double-Bit Axe
14:58 Horse Collar
15:30 Town Watch
15:41 Gold Mining
16:49 Town Watch
17:53 Bow Saw
17:51 Heavy Plow
17:56 Loom
21:30 Ballistics
21:24 Fletching
23:11 Malon
25:18 Bodkin Arrow
29:50 Padded Archer Armor
34:43 Imperial Age
34:49 Elite Bolas Rider
35:46 Leather Archer Armor
36:12 Butalmapu
38:13 Chemistry
40:58 Conscription
43:44 Wheelbarrow
42:54 Elite Skirmisher
44:59 Hoardings
46:38 Hand Cart
48:20 Caravan
49:44 Town Patrol
53:41 Masonry
57:38 Capped Ram
63:08 Architecture
62:19 Treadmill Crane
63:24 Crop Rotation
Oliver
5:07 Loom
11:11 Feudal Age
13:19 Double-Bit Axe
13:15 Horse Collar
13:48 Gold Mining
17:22 Castle Age
18:58 Bow Saw
18:50 Heavy Plow
20:04 Wheelbarrow
25:23 Imperial Age
24:06 Scale Mail Armor
24:16 Forging
25:03 Chain Mail Armor
25:15 Anarchy
26:27 Iron Casting
27:21 Squires
27:17 Pikeman
28:59 Blast Furnace
28:29 Halberdier
29:15 Perfusion
29:35 Conscription
32:18 Elite Huskarl
41:53 Hand Cart
41:23 Town Watch
63:08 Caravan
Mike_raft
8:59 Feudal Age
9:28 Double-Bit Axe
9:38 Loom
14:49 Fishing Lines
25:17 Castle Age
26:59 Coinage
26:49 Gillnets
31:35 Gold Mining
32:32 Fletching
43:12 Wheelbarrow
48:17 Stone Mining
49:50 Bow Saw
50:57 Hand Cart
50:47 Bodkin Arrow
50:53 Padded Archer Armor
53:53 Scale Barding Armor
54:15 Forging
57:08 Imperial Age
55:47 Light Cavalry
56:27 Husbandry
57:37 Caravan
59:51 Banking
60:54 Chemistry
60:33 Iron Casting
64:12 Bloodlines
68:19 Elite Genoese Crossbowman
Xander
9:56 Feudal Age
14:37 Castle Age
13:25 Double-Bit Axe
13:49 Horse Collar
19:10 Loom
19:52 Stone Mining
22:05 Fletching
22:09 Town Watch
22:11 Loom
24:02 Forging
25:58 Wheelbarrow
29:10 Padded Archer Armor
29:07 Bodkin Arrow
30:37 Ballistics
33:46 Imperial Age
33:16 Bow Saw
33:07 Gold Mining
35:11 Bracer
35:13 Padded Archer Armor
36:18 Chemistry
34:58 Treadmill Crane
37:14 Two-Man Saw
36:16 Heavy Plow
37:21 Conscription
37:56 Yeomen
37:24 Elite Skirmisher
38:47 Leather Archer Armor
40:23 Elite Longbowman
43:10 Hoardings
42:42 Town Patrol
52:26 Husbandry
54:13 Caravan
56:50 Squires
56:37 Pikeman
57:55 Iron Casting
57:20 Scale Mail Armor
57:56 Iron Casting
57:21 Scale Mail Armor
58:02 Hand Cart
61:06 Gambesons
jiraiona
10:54 Feudal Age
9:26 Loom
14:36 Castle Age
12:33 Double-Bit Axe
13:12 Horse Collar
14:19 Gold Mining
14:52 Fletching
17:20 Bow Saw
21:07 Wheelbarrow
21:40 Bodkin Arrow
25:48 Ballistics
31:06 Hand Cart
31:41 Padded Archer Armor
32:57 Town Watch
35:42 Imperial Age
33:34 Treadmill Crane
33:50 Murder Holes
34:05 Masonry
34:25 Heavy Plow
34:57 Town Patrol
35:18 Demolition Ship
37:13 Conscription
38:05 Butalmapu
38:18 Elite Bolas Rider
40:13 Chemistry
40:58 Masonry
41:16 Leather Archer Armor
41:57 Gold Shaft Mining
41:52 Crop Rotation
43:25 Caravan
44:07 Careening
46:37 Siege Engineers
47:02 Architecture
47:54 Stone Mining
53:03 Ring Archer Armor
54:05 Medium Warships
59:01 Clinker Construction
64:59 Carvel Hull
66:05 Arrowslits
KK
10:16 Feudal Age
11:31 Loom
15:21 Castle Age
13:49 Double-Bit Axe
16:29 Bow Saw
17:37 Wheelbarrow
24:32 Hand Cart
24:43 Town Watch
29:46 Imperial Age
27:10 Gold Mining
27:11 Stone Mining
27:36 Scale Barding Armor
28:56 Chain Barding Armor
28:47 Forging
29:14 Gold Shaft Mining
29:46 Husbandry
29:48 Cavalier
31:04 Plate Barding Armor
30:52 Conscription
31:36 Iron Casting
32:01 Paladin
34:21 Blast Furnace
33:55 Chivalry
43:55 Caravan
56:30 Light Cavalry
Chris Becker
11:07 Feudal Age
13:01 Double-Bit Axe
16:17 Wheelbarrow
18:50 Castle Age
16:47 Horse Collar
17:12 Gold Mining
17:42 Loom
18:47 Scale Barding Armor
18:55 Bloodlines
21:32 Gold Shaft Mining
21:59 Forging
21:54 Husbandry
27:19 Chain Barding Armor
30:19 Hand Cart
33:01 Fletching
33:11 Padded Archer Armor
33:58 Stone Mining
41:15 Bow Saw
41:39 Bodkin Arrow
44:31 Ballistics
45:08 Heavy Plow
48:18 Imperial Age
48:43 Thumb Ring
49:30 Bracer
50:43 Chemistry
50:31 Conscription
52:48 Kasbah
53:07 Leather Archer Armor
59:20 Caravan
Connection lost

Rejoining the realm…

Still unreachable

The connection could not be restored.

Session expired

The server has moved on; the page needs a fresh start.